Description

PtitDrogo's build he used vs Showtime.

Replay - PtitDrogo v ShoWTimE: Game 1 - Eternal Empire LE

Build Order

Get SALT Encoding   

  12  0:00  Probe  
  13  0:12  Probe  
  14  0:17  Pylon  
  14  0:24  Probe  
  15  0:32  Probe  
  15  0:40  Probe  
  17  0:59  Nexus  
  17  1:08  Gateway  
  17  1:11  Probe  
  18  1:15  Assimilator  
  18  1:20  Probe  
  18  1:24  Assimilator  
  19  1:28  Probe  
  20  1:37  Probe, Gateway  
  21  1:49  Probe  
  22  1:55  Cybernetics Core  
  25  2:21  Stalker x2  
  27  2:31  Warp Gate  
  27  2:35  Pylon  
  33  2:51  Stalker x2  
  39  3:05  Stargate  
  39  3:09  Shield Battery  
  39  3:17  Pylon  
  39  3:26  Stalker, Zealot  
  43  3:33  Shield Battery  
  43  3:41  Phoenix  
  44  3:49  Gateway  
  44  3:54  Shield Battery  
  46  4:01  Gateway  
  46  4:15  Phoenix  
  49  4:25  Stalker x2  
  53  4:40  Pylon  
  53  4:44  Phoenix  
  53  4:58  Stalker x2  
  51  5:08  Stalker  
  51  5:11  Zealot, Gateway  
  51  5:13  Pylon  
  51  5:14  Assimilator  
  54  5:25  Zealot  
  56  5:32  Shield Battery  
  56  5:33  Zealot x2  
  60  5:37  Phoenix  
  64  5:54  Adept x3  
  62  6:18  Phoenix  
  62  6:41  Phoenix  
  68  6:49  Adept x3  
  72  7:06  Phoenix  
  62  7:18  Zealot x2  
  66  7:27  Phoenix  
  64  7:32  Shield Battery  
  64  7:43  Zealot  
  70  7:45  Shield Battery  
  70  7:51  Phoenix  
  70  7:52  Adept  
  74  8:09  Twilight Council, Zealot  
  71  8:22  Adept x3  
  75  8:29  Phoenix  
  77  8:36  Charge  
  65  8:47  Zealot  
Spawning Tool Build Advisor. Get it on Overwolf

Analysis

-

Go to:

Details

  • Created by: diecesar
  • Published on: Aug 02, 2020
  • Modified on: Aug 02, 2020
  • Patch: 4.11.0
  • Difficulty: Medium
Show
View Real Time Build Order
Export as new Build Order

Comments (0)

There are no comments. Be the first!

Create an account to comment!